TOP OF THE 1ST |
Rocky Mountain Nuggets batting - Pitching for Las Vegas Flamingos : RHP Bob Warford
|
Pitching: RHP Bob Warford
|
|
Batting: LHB Juan Ríos
|
0-0: Called Strike 0-1: Ball 1-1: Foul Ball, location: 2F 1-2: Ball 2-2: Ground out 4-3 (Groundball, 4)
|
Batting: SHB Quan Ge
|
0-0: Ball 1-0: Ball 2-0: Ball 3-0: Base on Balls
|
Batting: RHB David Verhoeve
|
0-0: Ball 1-0: Grounds into double play, 5-4-3 (Groundball, 56)
|
Top of the 1st over - 0 run(s), 0 hit(s), 0 error(s), 0 left on base; Rocky Mountain 0 - Las Vegas 0 |
BOTTOM OF THE 1ST |
Las Vegas Flamingos batting - Pitching for Rocky Mountain Nuggets : RHP Richard Allison
|
Pitching: RHP Richard Allison
|
|
Batting: RHB Travis Newsome
|
0-0: Ball 1-0: Ground out 1-3 (Groundball, 13)
|
Batting: LHB José Meléndez
|
0-0: Ball 1-0: Called Strike 1-1: Ball 2-1: Called Strike 2-2: Fly out, F6 (Line Drive, 6)
|
Batting: RHB Bill Taylor
|
0-0: Foul Ball, location: 2F 0-1: Ball 1-1: Ball 2-1: Foul Ball, location: 2F 2-2: Fly out, F8 (Flyball, 8LD)
|
Bottom of the 1st over - 0 run(s), 0 hit(s), 0 error(s), 0 left on base; Rocky Mountain 0 - Las Vegas 0 |
TOP OF THE 2ND |
Rocky Mountain Nuggets batting - Pitching for Las Vegas Flamingos : RHP Bob Warford
|
Batting: LHB Randy Bowen
|
0-0: Ball 1-0: Swinging Strike 1-1: Ball 2-1: Called Strike 2-2: Fly out, F8 (Flyball, 89M)
|
Batting: RHB Juan Ávila
|
0-0: Called Strike 0-1: Foul Ball, location: 2F 0-2: Ball 1-2: Foul Ball, location: 2F 1-2: Foul Ball, location: 2F 1-2: Ball 2-2: Foul Ball, location: 2F 2-2: Hit by Pitch
|
Batting: RHB Mark Melton
|
0-0: Foul Ball, location: 2F 0-1: Foul Ball, location: 2F 0-2: Grounds into double play, 6-4-3 (Groundball, 6)
|
Top of the 2nd over - 0 run(s), 0 hit(s), 0 error(s), 0 left on base; Rocky Mountain 0 - Las Vegas 0 |
BOTTOM OF THE 2ND |
Las Vegas Flamingos batting - Pitching for Rocky Mountain Nuggets : RHP Richard Allison
|
Batting: RHB Jeff Young
|
0-0: Foul Ball, location: 2F 0-1: Called Strike 0-2: Strikes out swinging
|
Batting: RHB Matt Sheppard
|
0-0: Fly out, F5 (Popup, 15)
|
Batting: LHB Ron Goodwin
|
0-0: Ball 1-0: Ball 2-0: Called Strike 2-1: Foul Ball, location: 2F 2-2: Ball 3-2: Ground out 4-3 (Groundball, 4MS)
|
Bottom of the 2nd over - 0 run(s), 0 hit(s), 0 error(s), 0 left on base; Rocky Mountain 0 - Las Vegas 0 |
TOP OF THE 3RD |
Rocky Mountain Nuggets batting - Pitching for Las Vegas Flamingos : RHP Bob Warford
|
Batting: RHB Paul Smith
|
0-0: Called Strike 0-1: Foul Ball, location: 2F 0-2: Ball 1-2: Ball 2-2: Strikes out swinging
|
Batting: RHB Xie-li Kan
|
0-0: Ball 1-0: Called Strike 1-1: Ball 2-1: Called Strike 2-2: Ball 3-2: Base on Balls
|
Batting: RHB Richard Allison
|
0-0: Sac Bunt - play at first, batter OUT! 5-4 Xie-li Kan to second
|
Batting: LHB Juan Ríos
|
0-0: Foul Ball, location: 2F 0-1: Foul Ball, location: 2F 0-2: Ball 1-2: Foul Ball, location: 2F 1-2: Foul Ball, location: 2F 1-2: Ball 2-2: Ball 3-2: Base on Balls
|
Batting: SHB Quan Ge
|
0-0: 3-RUN HOME RUN (Flyball, 8LXD), Distance : 449 ft
|
Batting: RHB David Verhoeve
|
0-0: Called Strike 0-1: Foul Ball, location: 2F 0-2: Ball 1-2: SINGLE (Groundball, 13) (infield hit)
|
Batting: LHB Randy Bowen
|
0-0: Called Strike 0-1: Ball 1-1: Called Strike David Verhoeve is caught stealing 2nd base
|
Top of the 3rd over - 3 run(s), 2 hit(s), 0 error(s), 0 left on base; Rocky Mountain 3 - Las Vegas 0 |
BOTTOM OF THE 3RD |
Las Vegas Flamingos batting - Pitching for Rocky Mountain Nuggets : RHP Richard Allison
|
Batting: RHB Steven Talley
|
0-0: Ball 1-0: Ball 2-0: Swinging Strike 2-1: Ball 3-1: Foul Ball, location: 2F 3-2: Foul Ball, location: 2F 3-2: Fly out, F4 (Popup, 3D)
|
Batting: RHB Terry Sylvester
|
0-0: SINGLE (Groundball, 6MD)
|
Batting: RHB Bob Warford
|
0-0: Called Strike Terry Sylvester steals 2nd base 0-1: Swinging Strike 0-2: Ground out 5-3 (Groundball, 5S) Terry Sylvester to third
|
Batting: RHB Travis Newsome
|
0-0: Swinging Strike 0-1: Foul Ball, location: 2F 0-2: Ball Wild Pitch! Terry Sylvester scores 1-2: Ball 2-2: Ball 3-2: SINGLE (Groundball, 6MD)
|
Batting: LHB José Meléndez
|
0-0: Ball 1-0: Ball Travis Newsome steals 2nd base 2-0: Foul Ball, location: 2F 2-1: Ground out 4-3 (Groundball, 4M)
|
Bottom of the 3rd over - 1 run(s), 2 hit(s), 0 error(s), 1 left on base; Rocky Mountain 3 - Las Vegas 1 |
TOP OF THE 4TH |
Rocky Mountain Nuggets batting - Pitching for Las Vegas Flamingos : RHP Bob Warford
|
Batting: LHB Randy Bowen
|
0-0: Ball 1-0: Called Strike 1-1: Ball 2-1: Swinging Strike 2-2: Foul Ball, location: 2F 2-2: Ball 3-2: Strikes out swinging
|
Batting: RHB Juan Ávila
|
0-0: Foul Ball, location: 2F 0-1: Ball 1-1: Ball 2-1: Called Strike 2-2: Ball 3-2: Foul Ball, location: 2F 3-2: Foul Ball, location: 2F 3-2: Fly out, F7 (Flyball, 7S)
|
Batting: RHB Mark Melton
|
0-0: Ball 1-0: Ball 2-0: Called Strike 2-1: Ball 3-1: Base on Balls
|
Batting: RHB Paul Smith
|
0-0: Ball 1-0: Called Strike 1-1: Ball 2-1: Ball 3-1: Base on Balls Mark Melton to second
|
Batting: RHB Xie-li Kan
|
0-0: Ball 1-0: Ball 2-0: Called Strike 2-1: Ball 3-1: Called Strike 3-2: SINGLE (Groundball, 13) (infield hit) Mark Melton to third Paul Smith to second
|
Batting: RHB Richard Allison
|
0-0: Called Strike 0-1: Ball 1-1: Called Strike 1-2: Ball 2-2: Ball 3-2: Strikes out swinging
|
Top of the 4th over - 0 run(s), 1 hit(s), 0 error(s), 3 left on base; Rocky Mountain 3 - Las Vegas 1 |
BOTTOM OF THE 4TH |
Las Vegas Flamingos batting - Pitching for Rocky Mountain Nuggets : RHP Richard Allison
|
Batting: RHB Bill Taylor
|
0-0: Swinging Strike 0-1: Ball 1-1: SINGLE (Line Drive, 6MD)
|
Batting: RHB Jeff Young
|
0-0: Ball 1-0: Called Strike 1-1: SINGLE (Groundball, 56D) Bill Taylor to second
|
Batting: RHB Matt Sheppard
|
0-0: Foul Ball, location: 2F 0-1: Swinging Strike 0-2: Strikes out swinging
|
Batting: LHB Ron Goodwin
|
0-0: Ball Throwing error on steal attempt, E2 Bill Taylor scores Jeff Young to third 1-0: Ball 2-0: Fly out, F6 (Popup, 6S)
|
Batting: RHB Steven Talley
|
0-0: Called Strike 0-1: Ground out 4-3 (Groundball, 4)
|
Bottom of the 4th over - 1 run(s), 2 hit(s), 1 error(s), 1 left on base; Rocky Mountain 3 - Las Vegas 2 |
TOP OF THE 5TH |
Rocky Mountain Nuggets batting - Pitching for Las Vegas Flamingos : RHP Bob Warford
|
Batting: LHB Juan Ríos
|
0-0: Ball 1-0: Swinging Strike 1-1: Ball 2-1: Ball 3-1: Base on Balls
|
Batting: SHB Quan Ge
|
0-0: Ball 1-0: Foul Ball, location: 2F 1-1: Bunted foul 1-2: Ball 2-2: Ball 3-2: SINGLE (Groundball, 3L) Juan Ríos to second Runner from 2nd tries for 3rd, SAFE, no throw or cutoff
|
Batting: RHB David Verhoeve
|
0-0: Ball 1-0: Ball 2-0: Called Strike 2-1: Ball 3-1: Base on Balls Quan Ge to second
|
Batting: LHB Randy Bowen
|
0-0: Ball 1-0: Foul Ball, location: 2F 1-1: Ball 2-1: Ball 3-1: Base on Balls Juan Ríos scores Quan Ge to third David Verhoeve to second
|
Pitching: RHP Tony Hernández
|
|
Batting: RHB Juan Ávila
|
0-0: Foul Ball, location: 2F 0-1: Swinging Strike 0-2: Ball 1-2: Ball 2-2: Foul Ball, location: 2F 2-2: Foul Ball, location: 2F 2-2: Ball 3-2: Foul Ball, location: 2F 3-2: Grounds into double play, 4-6-3 (Groundball, 4) Quan Ge scores David Verhoeve to third
|
Batting: RHB Mark Melton
|
0-0: Called Strike 0-1: Ball 1-1: Ball 2-1: Called Strike 2-2: Foul Ball, location: 2F 2-2: Ball 3-2: Base on Balls
|
Batting: RHB Paul Smith
|
0-0: Called Strike 0-1: Swinging Strike 0-2: Ball 1-2: Foul Ball, location: 2F 1-2: Strikes out swinging
|
Top of the 5th over - 2 run(s), 1 hit(s), 0 error(s), 2 left on base; Rocky Mountain 5 - Las Vegas 2 |
BOTTOM OF THE 5TH |
Las Vegas Flamingos batting - Pitching for Rocky Mountain Nuggets : RHP Richard Allison
|
Batting: RHB Terry Sylvester
|
0-0: Ball 1-0: Ball 2-0: Foul Ball, location: 2F 2-1: SINGLE (Groundball, 34)
|
Batting: RHB Tony Hernández
|
0-0: Ball 1-0: Bunted foul 1-1: Sac Bunt - play at first, batter OUT! 1-4 Terry Sylvester to second
|
Batting: RHB Travis Newsome
|
0-0: Ball 1-0: Ball 2-0: Called Strike 2-1: Foul Ball, location: 2F 2-2: Ball 3-2: Ground out 5-3 (Groundball, 6S) Terry Sylvester to third
|
Batting: LHB José Meléndez
|
0-0: Ball 1-0: Swinging Strike 1-1: Swinging Strike 1-2: Strikes out swinging
|
Bottom of the 5th over - 0 run(s), 1 hit(s), 0 error(s), 1 left on base; Rocky Mountain 5 - Las Vegas 2 |
TOP OF THE 6TH |
Rocky Mountain Nuggets batting - Pitching for Las Vegas Flamingos : RHP Tony Hernández
|
Batting: RHB Xie-li Kan
|
0-0: Ball 1-0: Ball 2-0: Foul Ball, location: 2F 2-1: Called Strike 2-2: Ball 3-2: Ground out 6-3 (Groundball, 6M)
|
Batting: RHB Richard Allison
|
0-0: Foul Ball, location: 2F 0-1: SINGLE (Groundball, 6M)
|
Batting: LHB Juan Ríos
|
0-0: Fly out, F7 (Flyball, 7LM)
|
Batting: SHB Quan Ge
|
0-0: Reached on error, E1 (Groundball, 15) Richard Allison to third
|
Batting: RHB David Verhoeve
|
0-0: SINGLE (Line Drive, 6MD) Richard Allison scores Quan Ge to third
|
Batting: LHB Randy Bowen
|
0-0: Fielders Choice at 2nd, U6 (Groundball, 6M)
|
Top of the 6th over - 1 run(s), 2 hit(s), 1 error(s), 2 left on base; Rocky Mountain 6 - Las Vegas 2 |
BOTTOM OF THE 6TH |
Las Vegas Flamingos batting - Pitching for Rocky Mountain Nuggets : RHP Richard Allison
|
Batting: RHB Bill Taylor
|
0-0: Ball 1-0: SINGLE (Line Drive, 34D)
|
Batting: RHB Jeff Young
|
0-0: Ball 1-0: Ball 2-0: Swinging Strike 2-1: Ball 3-1: Called Strike 3-2: Foul Ball, location: 2F 3-2: Strikes out swinging Bill Taylor steals 2nd base Batter strikes out.
|
Batting: RHB Matt Sheppard
|
0-0: Ball 1-0: Ball 2-0: SINGLE (Groundball, 6MD) Bill Taylor to third
|
Batting: LHB Ron Goodwin
|
0-0: Ball 1-0: Ball 2-0: Called Strike 2-1: Ball 3-1: Base on Balls Matt Sheppard to second
|
Batting: RHB Steven Talley
|
0-0: Fly out, F8 (Flyball, 8LXD) Runner from 3rd tags up, SCORES, no throw
|
Batting: RHB Terry Sylvester
|
0-0: Ball 1-0: Fly out, F8 (Flyball, 8LS)
|
Bottom of the 6th over - 1 run(s), 2 hit(s), 0 error(s), 2 left on base; Rocky Mountain 6 - Las Vegas 3 |
TOP OF THE 7TH |
Rocky Mountain Nuggets batting - Pitching for Las Vegas Flamingos : RHP Tony Hernández
|
Batting: RHB Juan Ávila
|
0-0: SINGLE (Line Drive, 9S)
|
Batting: RHB Mark Melton
|
0-0: Foul Ball, location: 2F 0-1: Grounds into double play, 5-4-3 (Groundball, 5)
|
Batting: RHB Paul Smith
|
0-0: Foul Ball, location: 2F 0-1: Ball 1-1: Ball 2-1: Called Strike 2-2: Ground out 1-3 (Groundball, 13S)
|
Top of the 7th over - 0 run(s), 1 hit(s), 0 error(s), 0 left on base; Rocky Mountain 6 - Las Vegas 3 |
BOTTOM OF THE 7TH |
Las Vegas Flamingos batting - Pitching for Rocky Mountain Nuggets : RHP Richard Allison
|
Pinch Hitting: RHB Ricardo Cruz
|
0-0: Ball 1-0: Foul Ball, location: 2F 1-1: Foul Ball, location: 2F 1-2: Fly out, F7 (Line Drive, 7S)
|
Batting: RHB Travis Newsome
|
0-0: Ball 1-0: Foul Ball, location: 2F 1-1: Foul Ball, location: 2F 1-2: Strikes out swinging
|
Batting: LHB José Meléndez
|
0-0: Foul Ball, location: 2F 0-1: Ball 1-1: Foul Ball, location: 2F 1-2: Ball 2-2: SINGLE (Line Drive, 9LS)
|
Batting: RHB Bill Taylor
|
0-0: Ball 1-0: Ball 2-0: Foul Ball, location: 2F 2-1: Foul Ball, location: 2F 2-2: SINGLE (Flyball, 9LS) José Meléndez to second Runner from 2nd tries for 3rd, SAFE, throw made to third
|
Batting: RHB Jeff Young
|
0-0: Ground out 5-3 (Groundball, 56)
|
Bottom of the 7th over - 0 run(s), 2 hit(s), 0 error(s), 2 left on base; Rocky Mountain 6 - Las Vegas 3 |
TOP OF THE 8TH |
Rocky Mountain Nuggets batting - Pitching for Las Vegas Flamingos : RHP Tony Hernández
|
Pitching: RHP Erik Davis
|
|
Batting: RHB Xie-li Kan
|
0-0: Called Strike 0-1: Ball 1-1: Foul Ball, location: 2F 1-2: Ball 2-2: SINGLE (Groundball, 56D)
|
Pinch Hitting: LHB Jason Potter
|
0-0: Ball 1-0: Called Strike 1-1: Called Strike 1-2: Ball 2-2: SINGLE (Groundball, 6M) Xie-li Kan to second
|
Batting: LHB Juan Ríos
|
0-0: Bunt - Flyout! F2
|
Batting: SHB Quan Ge
|
0-0: Called Strike 0-1: Ball 1-1: Ball 2-1: Fly out, F8 (Flyball, 8LM)
|
Batting: RHB David Verhoeve
|
0-0: Ball 1-0: Swinging Strike 1-1: Ground out 6-3 (Groundball, 6)
|
Top of the 8th over - 0 run(s), 2 hit(s), 0 error(s), 2 left on base; Rocky Mountain 6 - Las Vegas 3 |
BOTTOM OF THE 8TH |
Las Vegas Flamingos batting - Pitching for Rocky Mountain Nuggets : RHP Richard Allison
|
Pitching: LHP Ryan Miller
|
|
Batting: RHB Matt Sheppard
|
0-0: Called Strike 0-1: Ball 1-1: DOUBLE (Line Drive, 7LD)
|
Pitching: LHP Alfonso Zapata
|
|
Batting: LHB Ron Goodwin
|
0-0: Ball 1-0: Swinging Strike 1-1: Ground out 2-3 (Groundball, 2R) Matt Sheppard to third
|
Pitching: RHP Artie Horton
|
|
Batting: RHB Steven Talley
|
0-0: Ball 1-0: Swinging Strike 1-1: Ball 2-1: Ball 3-1: Fly out, F7 (Flyball, 7D) Runner from 3rd tags up, SCORES, no throw
|
Batting: RHB Terry Sylvester
|
0-0: Ball 1-0: Called Strike 1-1: Ball 2-1: Ball 3-1: Base on Balls
|
Pinch Hitting: RHB Floyd Mitchell
|
0-0: SINGLE (Flyball, 7S) Terry Sylvester to second
|
Batting: RHB Travis Newsome
|
0-0: Called Strike 0-1: Fly out, F9 (Flyball, 9D)
|
Bottom of the 8th over - 1 run(s), 2 hit(s), 0 error(s), 2 left on base; Rocky Mountain 6 - Las Vegas 4 |
TOP OF THE 9TH |
Rocky Mountain Nuggets batting - Pitching for Las Vegas Flamingos : RHP Erik Davis
|
Pitching: RHP Jeff Pearson
|
|
Batting: LHB Randy Bowen
|
0-0: SINGLE (Line Drive, 7LS)
|
Batting: RHB Juan Ávila
|
0-0: Ball Randy Bowen steals 2nd base 1-0: Ball 2-0: Ball 3-0: Base on Balls
|
Pitching: RHP Augusto Dávila
|
|
Batting: RHB Mark Melton
|
0-0: Sac Bunt - play at first, batter OUT! 1-4 Randy Bowen to third Juan Ávila to second
|
Pinch Hitting: SHB Jim Morris
|
0-0: Intentional Walk
|
Pinch Hitting: LHB Peter Paul
|
0-0: Ball 1-0: Swinging Strike 1-1: Foul Ball, location: 2F 1-2: Strikes out swinging
|
Pinch Hitting: LHB Egidio Agnolutto
|
0-0: Ball 1-0: Foul Ball, location: 2F 1-1: Foul Ball, location: 2F 1-2: DOUBLE (Flyball, 89M) Randy Bowen scores Juan Ávila scores Jim Morris to third
|
Batting: LHB Juan Ríos
|
0-0: Foul Ball, location: 2F 0-1: Ground out 6-3 (Groundball, 6)
|
Top of the 9th over - 2 run(s), 2 hit(s), 0 error(s), 2 left on base; Rocky Mountain 8 - Las Vegas 4 |
BOTTOM OF THE 9TH |
Las Vegas Flamingos batting - Pitching for Rocky Mountain Nuggets : RHP Artie Horton
|
Pitching: LHP Jorge Velázquez
|
|
Now at 1B: Jim Morris
|
|
Now in LF: Peter Paul
|
|
Batting: LHB José Meléndez
|
0-0: SOLO HOME RUN (Flyball, 89XD), Distance : 430 ft
|
Pitching: RHP Steve King
|
|
Batting: RHB Bill Taylor
|
0-0: Ball 1-0: Ball 2-0: Foul Ball, location: 2F 2-1: Foul Ball, location: 2F 2-2: Ground out 1-4-3 (Groundball, 15S)
|
Batting: RHB Jeff Young
|
0-0: Swinging Strike 0-1: Ball 1-1: Ball 2-1: Fly out, F9 (Flyball, 9D)
|
Batting: RHB Matt Sheppard
|
0-0: Fly out, F4 (Popup, 4)
|
Bottom of the 9th over - 1 run(s), 1 hit(s), 0 error(s), 0 left on base; Rocky Mountain 8 - Las Vegas 5 |
|